 Dungeon Crawl Stone Soup version 0.23-a0-14-g8c9a20f (webtiles) character file.

1696 galech the Chopper (level 8, -2/71 HPs)
             Began as a Minotaur Fighter on Aug 2, 2018.
             Was a Priest of Elyvilon.
             Splashed by an oklob plant's acid (9 damage)
             ... on level 6 of the Dungeon.
             The game lasted 00:09:12 (5375 turns).

galech the Chopper (Minotaur Fighter)               Turns: 5375, Time: 00:09:13

Health: -2/71      AC:  4    Str: 20    XL:     8   Next: 72%
Magic:  9/9        EV:  9    Int:  5    God:    Elyvilon [***...]
Gold:   259        SH: 11    Dex: 13    Spells: 7/7 levels left

rFire    x . .     SeeInvis .   a - +0 war axe
rCold    + . .     Gourm    .   c - +0 shield
rNeg     . . .     Faith    .   B - +2 ring mail {rPois}
rPois    +         Spirit   .   (helmet restricted)
rElec    .         Reflect  .   (no cloak)
rCorr    .         Harm     .   (no gloves)
MR       .....                  (no boots)
Stlth    +.........             (no amulet)
HPRegen  0.21/turn              p - ring of flight
MPRegen  0.11/turn              x - ring of ice

@: corroded
A: retaliatory headbutt, horns 2
a: Lesser Healing, Heal Other, Purification, Divine Protection, Renounce
Religion, Evoke Flight


You were on level 6 of the Dungeon.
You worshipped Elyvilon.
Elyvilon was most pleased with you.
You were not hungry.

You visited 1 branch of the dungeon, and saw 6 of its levels.
You also visited: Ossuary.

You collected 259 gold pieces.

Inventory:

Hand Weapons
 a - a +0 war axe (weapon)
Armour
 b - a +0 scale mail
 c - a +0 shield (worn)
 y - a +0 chain mail
 B - a +2 ring mail of poison resistance (worn)
Jewellery
 p - a ring of flight (left hand)
 x - a ring of ice (right hand)
Scrolls
 e - 3 scrolls of random uselessness
 g - a scroll of fog
 h - 5 scrolls of teleportation
 k - a scroll of fear
 l - 4 scrolls of remove curse
 o - a scroll of amnesia
 s - 4 scrolls of immolation
 u - 2 scrolls of enchant armour
 w - 2 scrolls of magic mapping {unknown}
 A - a scroll of holy word {unknown}
 E - a scroll of enchant weapon {unknown}
Potions
 d - 2 potions of might
 i - 4 potions of curing {unknown}
 j - 4 potions of heal wounds {unknown}
 n - a potion of flight {unknown}
 q - 4 potions of haste {unknown}
 r - 3 potions of invisibility {unknown}
 t - 2 potions of brilliance {unknown}
 v - 2 potions of degeneration {unknown}
 z - a potion of resistance {unknown}
 C - 2 potions of lignification {unknown}
 D - a potion of ambrosia {unknown}
 F - a potion of cancellation {unknown}
Comestibles
 f - 5 rations
 m - 3 chunks of flesh


   Skills:
 + Level 6.8 Fighting
 + Level 7.5 Axes
 + Level 6.8 Armour
 - Level 1.5 Dodging
 + Level 7.1 Shields
 + Level 3.4 Invocations


You had 7 spell levels left.
You didn't know any spells.
Your spell library was empty.

Dungeon Overview and Level Annotations

Branches:
Dungeon (6/15)
 Temple: D:4-7

Altars:
Dithmenos
Elyvilon
Fedhas
Gozag
Kikubaaqudgha
Nemelex Xobeh
Okawaru
Qazlal
Uskayaw
Zin

Shops:
D:5 *

Annotations:
D:6 exclusion: oklob plant


Innate Abilities, Weirdness & Mutations

You reflexively headbutt those who attack you in melee.
You have a pair of horns on your head.


Message History

The acid burns!
You slash the oklob plant!
You headbutt the oklob plant, but do no damage.
The oklob plant is severely damaged.
You hit the oklob plant.
The oklob plant is almost destroyed.
The oklob plant spits acid at you. You block the splash of acid.
You hit the oklob plant but do no damage.
You headbutt the oklob plant, but do no damage.
The oklob plant is almost destroyed.
The oklob plant spits acid at you. The splash of acid hits you!
You are splashed with acid!
The acid burns!
You hit the oklob plant.
The oklob plant is almost destroyed.
The oklob plant spits acid at you. The splash of acid hits you!
* * * LOW HITPOINT WARNING * * *
You are splashed with acid!
The acid burns!
You die...

##.####.#####.....###.........
##.# #.# #####.# #.##.#.###
##.####.# #.# #^.....#
##.#....## #.# #......###.#
##.#.###.## #.# #....†......
..........# #.# #......###.#
...#.###.########.# #......#
...#.# #..........# ####.#.#
##.#.# #########@.# #...#
.#.#.# #.P..# ###.# .#.#.#
#P_P..... # ##.#.# ##P..####
...#.###### ..## .#.#......#
#.# ...######.# .#
##.######.########.#
##.##...[.........


You could see an oklob plant.

Vanquished Creatures
  3 water moccasins
  2 ice beasts
  2 ogres (D:6)
  2 bullfrogs (D:6)
  A gnoll sergeant (D:6)
  A vampire bat (D:4)
  2 jellies
  A crimson imp (D:5)
  A hound (D:2)
  An orc priest (D:4)
  A bullfrog skeleton (D:5)
  A worker ant (D:5)
  3 orc wizards
  12 mummies (Ossuary)
  7 gnolls
  5 adders
  4 oozes
  An adder skeleton (D:4)
  3 worms (D:2)
  3 dart slugs (D:2)
  3 fire bats (D:4)
  4 leopard geckos
  14 orcs
  2 spectral bats (D:4)
  16 bats
  3 bat skeletons (D:4)
  A bat zombie (D:4)
  4 giant cockroaches
  7 goblins
  10 hobgoblins
  8 jackals
  12 kobolds
  2 quokkas (D:2)
  3 ball pythons
  A bat simulacrum (D:4)
  3 frilled lizards
  4 goblin skeletons (Ossuary)
  3 kobold skeletons (Ossuary)
  An orc skeleton (Ossuary)
  7 rats
  11 rat skeletons (Ossuary)
175 creatures vanquished.

Notes
Turn   | Place    | Note
-------+----------+-------------------------------------------
     0 | D:1      | galech the Minotaur Fighter began the quest for the Orb.
     0 | D:1      | Reached XP level 1. HP: 19/19 MP: 0/0
   138 | D:1      | Reached XP level 2. HP: 23/27 MP: 1/1
   842 | D:2      | Noticed an ice beast
   849 | D:2      | Killed an ice beast
   849 | D:2      | Reached XP level 3. HP: 16/34 MP: 2/2
   849 | D:2      | Reached XP level 4. HP: 20/41 MP: 3/3
  1167 | D:2      | Reached XP level 5. HP: 30/47 MP: 4/4
  1465 | D:2      | Found a shadowy altar of Dithmenos.
  1575 | D:2      | Found an ancient bone altar of Kikubaaqudgha.
  1917 | D:2      | Found an opulent altar of Gozag.
  2361 | D:3      | Found a faded altar of an unknown god.
  2397 | D:3      | Became a worshipper of Elyvilon the Healer
  2397 | D:3      | Reached * piety under Elyvilon
  2667 | D:3      | Found a sparkling altar of Nemelex Xobeh.
  2672 | D:3      | Reached skill level 5 in Shields
  2904 | D:4      | Reached XP level 6. HP: 43/55 MP: 5/5
  3070 | D:4      | Found a stormy altar of Qazlal.
  3074 | D:4      | Noticed an ice beast
  3084 | D:4      | Killed an ice beast
  3084 | D:4      | Reached skill level 5 in Fighting
  3084 | D:4      | Reached skill level 5 in Axes
  3084 | D:4      | Reached skill level 5 in Armour
  3084 | D:4      | Reached skill level 1 in Dodging
  3097 | D:4      | Reached ** piety under Elyvilon
  3447 | D:4      | Reached XP level 7. HP: 52/61 MP: 6/6
  3606 | D:5      | Entered Level 5 of the Dungeon
  3606 | D:5      | Found Zin's Purification Station.
  3607 | D:5      | Found a glowing silver altar of Zin.
  3694 | D:5      | Reached skill level 1 in Invocations
  3869 | D:5      | Found a sparkling altar of Nemelex Xobeh.
  4092 | D:5      | Found a blossoming altar of Fedhas.
  4406 | D:6      | Reached XP level 8. HP: 31/70 MP: 8/8
  4633 | D:6      | Found a sand-covered staircase.
  4655 | Ossuary  | Entered an ossuary
  5147 | Ossuary  | Reached *** piety under Elyvilon
  5219 | D:6      | Found an iron altar of Okawaru.
  5230 | D:6      | Noticed a hand axe
  5231 | D:6      | Noticed a hand axe
  5232 | D:6      | Found a hide-covered altar of Uskayaw.
  5366 | D:6      | Noticed an oklob plant
  5367 | D:6      | Found a sparkling altar of Nemelex Xobeh.
  5375 | D:6      | Splashed by an oklob plant's acid

Vault maps used:
D:1:      lemuel_arrival_cross
D:2:      minmay_diamond_boxcup, marbit_many_paths, grunt_gozag_breadcrumbs,
          first_ration, serial_bayou_pond_c, palyth_stone_intersect,
          grunt_dithmenos_smoke_and_mirrors
D:3:      nicolae_overflow_crystal_walls, chequers_ecumenical_altar_simple
D:4:      lemuel_round_altar, goddamned_bats
D:5:      zin_purify, kennysheep_little_box, basic_altar,
          kennysheep_small_circle
D:6:      old_standard_altar, dancing_weapons_uskayaw, enter_ossuary_1,
          lemuel_oklob_altar
Ossuary:  ossuary_due_small_catacomb

Skill      XL: |  1  2  3  4  5  6  7  8 |
---------------+-------------------------+-----
Armour         | 4 5 6 |  6.8
Fighting       | 4 5 6 |  6.8
Axes           | 3 4 6 7 |  7.5
Shields        | 4 5 6 7 |  7.1
Dodging        | 1 |  1.5
Invocations    | 2 3 |  3.4

Action                   |  1- 3 |  4- 6 |  7- 9 || total
-------------------------+-------+-------+-------++-------
Melee: War axe           |    37 |   184 |   192 ||   413
       Headbutt          |     5 |    23 |    36 ||    64
Invok: Lesser Healing    |       |       |     6 ||     6
  Use: Scroll            |       |       |     8 ||     8
  Eat: Chunk             |       |     8 |     4 ||    12
       Ration            |       |       |     1 ||     1
Armor: Scale mail        |    23 |    77 |    35 ||   135
       Ring mail         |       |       |     8 ||     8
Dodge: Dodged            |    10 |    64 |    57 ||   131
Block: Shield            |    19 |   105 |   114 ||   238

Table legend:
 A = Spawn XP
 B = Non-spawn XP
 C = Spawn XP percentage of total XP
 D = Spawn monster count
 E = Non-spawn monster count
 F = Spawn count percentage of total count
 G = Total turns spent on level
                    A         B        C        D         E        F      G
               +---------+---------+-------+---------+---------+-------+---------
         Total |       0 |    2423 |   0.0 |       0 |     175 |   0.0 |  5375
               +---------+---------+-------+---------+---------+-------+---------
           D:1 |       0 |      31 |   0.0 |       0 |      15 |   0.0 |   839
           D:2 |       0 |     273 |   0.0 |       0 |      39 |   0.0 |  1185
           D:3 |       0 |      49 |   0.0 |       0 |      19 |   0.0 |   845
           D:4 |       0 |     436 |   0.0 |       0 |      32 |   0.0 |   737
           D:5 |       0 |     596 |   0.0 |       0 |      23 |   0.0 |   802
           D:6 |       0 |     800 |   0.0 |       0 |      16 |   0.0 |   445
       Ossuary |       0 |     238 |   0.0 |       0 |      31 |   0.0 |   522
               +---------+---------+-------+---------+---------+-------+---------
